 Dungeon Crawl Stone Soup version 0.26-a0-610-g3e9335bbc7 (webtiles) character file.

Game seed: 7278290089768983093

1777 MrRokkomies the Digger (level 9, -4/51 HPs)
             Began as an Octopode Earth Elementalist on Sept 4, 2020.
             Was an Initiate of Gozag.
             Killed from afar by an orc wizard (6 damage)
             ... with a magic dart
             ... on level 6 of the Dungeon.
             The game lasted 00:13:26 (8094 turns).

MrRokkomies the Digger (OpEE)                       Turns: 8094, Time: 00:13:27

Health: -4/51      AC:  1    Str:  8    XL:     9   Next: 8%
Magic:  11/12      EV: 14    Int: 20    God:    Gozag
Gold:   884        SH:  6    Dex: 12    Spells: 5/12 levels left

rFire    . . .     SeeInvis .   a - +0 rapier
rCold    . . .     Faith    .   e - +1 buckler
rNeg     + . .     Spirit   .   (helmet restricted)
rPois    .         Reflect  .   t - amulet of magic regeneration
rElec    .         Harm     .   g - ring of positive energy
rCorr    +                      h - +4 ring of slaying
MR       .....                  r - ring of resist corrosion
Stlth    ++++......             (no ring)
HPRegen  0.17/turn              (no ring)
MPRegen  0.38/turn              (no ring)
                                (no ring)
                                (no ring)

@: gold aura, slowed, very slow
A: almost no armour, stealthy swim, amphibious, 8 rings, constrict 8, camouflage
1, gelatinous body 1
a: Potion Petition, Call Merchant, Bribe Branch, Renounce Religion


You were on level 6 of the Dungeon.
You worshipped Gozag.
Gozag was pleased with you.
You visited 1 branch of the dungeon, and saw 6 of its levels.

You collected 918 gold pieces.
You paid 34 gold pieces to Gozag.

Inventory:

Hand Weapons
 a - a +0 rapier (weapon)
 q - a +1 short sword
Missiles
 b - 305 stones (quivered)
 j - 62 poisoned darts
Armour
 e - a +1 buckler (worn)
Magical Staves
 l - an uncursed staff of poison
Jewellery
 g - a ring of positive energy (left tentacle)
 h - a +4 ring of slaying (right tentacle)
 r - a ring of resist corrosion (on tentacle)
 t - an amulet of magic regeneration (around mantle)
Wands
 k - a wand of iceblast (8)
 m - a wand of random effects (19)
 v - a wand of polymorph (9)
Scrolls
 c - 2 scrolls of teleportation
 p - 2 scrolls of enchant armour
 s - a scroll of enchant weapon
 w - a scroll of identify
Potions
 d - 2 potions of flight
 i - 3 potions of might
 n - 3 potions of stabbing {unknown}
 o - a potion of magic {unknown}
 u - a potion of berserk rage {unknown}


   Skills:
 + Level 2.9 Dodging
 + Level 7.1 Stealth
 - Level 4.0 Shields
 - Level 2.0 Spellcasting
 * Level 6.2 Transmutations
 * Level 7.4 Earth Magic


You had 5 spell levels left.
You knew the following spells:

 Your Spells              Type           Power        Failure   Level
a - Sandblast             Erth           ####..       1%          1
b - Passwall              Tmut/Erth      ####....     1%          2
c - Petrify               Tmut/Erth      ####....     10%         4

Your spell library contained the following spells:

 Spells                   Type           Power        Failure   Level
 Stone Arrow              Conj/Erth      ###...       11%         3
 Lee's Rapid Deconstruct  Erth           ####......   21%         5
 Confusing Touch          Hex            #.......     43%         3
 Gell's Gravitas          Tloc           #.........   43%         3
 Yara's Violent Unravell  Hex/Tmut       ##........   77%         5
 Metabolic Englaciation   Hex/Ice        #.........   99%         5


Dungeon Overview and Level Annotations

Branches:
Dungeon (6/15)
 Temple: D:4-7

Altars:
Dithmenos
Fedhas
Gozag
Kikubaaqudgha
Uskayaw
Yredelemnul
The Shining One

Shops:
D:3 *

Annotations:
D:4 1 runed translucent door, SpaceButler's ghost, amateur DEEE


Innate Abilities, Weirdness & Mutations

You cannot wear most types of armour.
You are very stealthy in the water. (Stealth+)
You are amphibious.
You can wear up to eight rings at the same time.
You can use your tentacles to constrict eight enemies at once.
Your skin changes colour to match your surroundings (Stealth+).
Your rubbery body absorbs attacks. (AC +1, EV +1)


Message History

The orc wizard is heavily wounded.
The orc wizard hits you with a +0 long sword.
* * * LOW HITPOINT WARNING * * *
You block the orc wizard's attack.
Okay, then.
Unknown command.
Unknown command.
Casting: Sandblast (safe; 1% risk of failure)
Confirm with . or Enter, or press ? or * to list all spells.
Aiming: Sandblast (safe; 1% risk of failure)
Press: ? - help, Shift-Dir - straight line, f - orc wizard
Aim: an orc wizard, wielding a +0 long sword and wearing a +0 robe (heavily wounded, fast)
The blast of sand hits the orc wizard.
The orc wizard is almost dead.
b - 305 stones You block the orc wizard's attack.
The orc wizard gestures at you while chanting.
The magic dart hits you.
You die...
Your body crumbles into a pile of gold.

......>.$S.[....# #....####
....!.........####*#.......##
......Z..............#......##
.....................#....##.#
...o..o.....##.......#.......###
......##Z#.##*.............###.#
........##.#**,###...##....###.##
...#.....#..,,,#......#$.........
.o...##......,,#@o###............
..............##$###....$....)...
......####......$$.#........##...
..Ooo.#*...........#.........#...
....#$#..##.................##...
#.<##....##..........)...........
#....Z...##..............).......
..#Z...........#...........#..>..
..##........##.##..........#.....


You could see an orc wizard (fast).

Vanquished Creatures
  Prince Ribbit (D:6)
  A sky beast (D:5)
  An orc warrior (D:5)
  A centaur (D:5)
  5 ogres
  A bullfrog (D:6)
  2 scorpions (D:5)
  A howler monkey (D:6)
  A hound (D:5)
  2 centaur zombies (D:6)
  An orc priest (D:6)
  2 jellies (D:5)
  A centaur skeleton (D:6)
  An iguana (D:4)
  4 orc wizards
  4 worker ants (D:5)
  A hound zombie (D:6)
  Robin (D:3)
  2 howler monkey skeletons
  8 adders
  A shadow imp (D:5)
  2 oozes
  An adder skeleton (D:6)
  2 worms
  4 dart slugs
  6 leopard geckos
  15 orcs
  5 bats
  3 giant cockroaches
  11 goblins
  9 hobgoblins
  15 jackals
  4 kobolds
  5 quokkas
  A ball python (D:3)
  4 frilled lizards
  3 quokka skeletons
  11 rats
143 creatures vanquished.

Notes
Turn   | Place    | Note
-------+----------+-------------------------------------------
     0 | D:1      | MrRokkomies the Octopode Earth Elementalist began the quest
                  | for the Orb.
     0 | D:1      | Reached XP level 1. HP: 11/11 MP: 3/3
   218 | D:1      | Reached XP level 2. HP: 17/17 MP: 3/5
   333 | D:1      | Learned a level 2 spell: Passwall
   942 | D:1      | Reached XP level 3. HP: 17/21 MP: 6/6
  1336 | D:2      | Found a blossoming altar of Fedhas.
  1500 | D:2      | Reached skill level 1 in Shields
  1804 | D:2      | Found a glowing golden altar of the Shining One.
  1810 | D:2      | Reached XP level 4. HP: 27/27 MP: 1/7
  1820 | D:2      | Learned a level 4 spell: Petrify
  2252 | D:3      | Found an opulent altar of Gozag.
  2255 | D:3      | Found Gozag's Platinum Reserve.
  2267 | D:3      | Became a worshipper of Gozag Ym Sagoz the Greedy
  2727 | D:3      | Noticed Robin
  2739 | D:3      | Killed Robin
  3040 | D:3      | Reached XP level 5. HP: 16/31 MP: 6/8
  3595 | D:4      | Found a runed translucent door.
  3596 | D:4      | Noticed SpaceButler's ghost (amateur DEEE)
  3918 | D:4      | Found a shadowy altar of Dithmenos.
  3927 | D:4      | Found a basalt altar of Yredelemnul.
  4013 | D:4      | Found an ancient bone altar of Kikubaaqudgha.
  4029 | D:4      | Found a hide-covered altar of Uskayaw.
  4142 | D:5      | Entered Level 5 of the Dungeon
  4186 | D:5      | Reached XP level 6. HP: 34/36 MP: 9/9
  4451 | D:5      | Reached skill level 5 in Earth Magic
  4526 | D:5      | Reached XP level 7. HP: 41/41 MP: 7/10
  5139 | D:5      | Reached skill level 5 in Stealth
  6179 | D:5      | Reached XP level 8. HP: 35/46 MP: 11/11
  6584 | D:6      | Reached skill level 5 in Transmutations
  6967 | D:6      | Noticed Prince Ribbit
  6994 | D:6      | Killed Prince Ribbit
  7918 | D:6      | Reached XP level 9. HP: 15/51 MP: 9/12
  8093 | D:6      | HP: 2/51 [orc wizard/+0 long sword (4)]
  8094 | D:6      | Killed from afar by an orc wizard

Illustrated notes

Levels and vault maps discovered:
D:1:      minmay_arrival_up_and_down, layout_basic
D:2:      layout_loops_corners, old_standard_altar,
          nicolae_overflow_crystal_walls
D:3:      layout_basic, nicolae_gozag_zags_fifth_avenue, minmay_circle_x,
          uniq_robin
D:4:      layout_cave_pools, nicolae_overflow_quartered_altars,
          ebering_ghost_inner_flame
D:5:      layout_layer_cave
D:6:      layout_cave_pools, uniq_prince_ribbit1

Skill      XL: |  1  2  3  4  5  6  7  8 |
---------------+-------------------------+-----
Stealth        | 3 4 5 7 |  7.1
Shields        | 1 2 3 4 |  4.0
Earth Magic    | 4 5 6 7 |  7.4
Transmutations | 2 3 4 6 |  6.2
Dodging        | |  2.9
Spellcasting   | |  2.0

Action                   |  1- 3 |  4- 6 |  7- 9 || total
-------------------------+-------+-------+-------++-------
Melee: Unarmed           |    10 |       |       ||    10
       Short sword       |    29 |    72 |       ||   101
       Constrict         |    10 |    23 |    32 ||    65
       Tentacles         |     7 |    18 |    22 ||    47
       Rapier            |       |    30 |   142 ||   172
 Cast: Sandblast         |    18 |    12 |    25 ||    55
       Petrify           |       |       |     4 ||     4
Evoke: Wand              |       |       |     1 ||     1
  Use: Scroll            |     6 |     5 |     2 ||    13
       Potion            |       |     2 |     2 ||     4
 Stab: Sleeping          |     7 |     8 |     3 ||    18
       Distracted        |       |     1 |     1 ||     2
       Petrified         |       |       |     8 ||     8
Armor: Skin              |     3 |    18 |     7 ||    28
Dodge: Dodged            |    13 |    69 |    84 ||   166
Block: Buckler           |     7 |    20 |    45 ||    72

Table legend: (Time is in decaauts)
 A = Elapsed time spent in this place.
 B = Non-inter-level travel time spent in this place.
 C = Inter-level travel time spent in this place.
 D = Time resting spent in this place.
 E = Time spent auto-exploring this place.
 F = Levels seen in this place.
 G = Mean time per level.
                   A        B        C        D        E       F      G
               +--------+--------+--------+--------+--------+-----+--------+
         Total |   8146 |   7852 |    294 |   1323 |   5402 |   6 | 1357.7 |
       Dungeon |   8146 |   7852 |    294 |   1323 |   5402 |   6 | 1357.7 |
               +--------+--------+--------+--------+--------+-----+--------+

Top non-repeatable levels by time:
     D:5: 3132 daAuts
     D:1: 1200 daAuts
     D:3: 1144 daAuts
     D:2: 1033 daAuts
     D:6: 860 daAuts
     D:4: 774 daAuts
